 Dungeon Crawl Stone Soup version 0.26-a0-466-g989023bd0d (webtiles) character file.

Game seed: 9914155668642052176

265 Goblin1989 the Sneak (level 5, 0/42 HPs)
             Began as a Demonspawn Delver on Aug 6, 2020.
             Was an Initiate of Gozag.
             Slain by an orc wizard
             ... wielding a +0 dagger
              (2 damage)
             ... on level 4 of the Dungeon.
             The game lasted 00:11:45 (4105 turns).

Goblin1989 the Sneak (Demonspawn Delver)            Turns: 4105, Time: 00:11:46

Health: 0/42       AC:  5    Str: 12    XL:     5   Next: 99%
Magic:  0/5        EV: 10    Int: 11    God:    Gozag
Gold:   236        SH:  0    Dex: 16    Spells: 4/4 levels left

rFire    . . .     SeeInvis .   Z - -3 hunting sling (curse)
rCold    . . .     Faith    .   U - +1 kite shield
rNeg     . . .     Spirit   +   b - +0 leather armour
rPois    .         Reflect  .   (no helmet)
rElec    .         Harm     .   (no cloak)
rCorr    .                      (no gloves)
MR       .....                  (no boots)
Stlth    +.........             (no amulet)
HPRegen  0.14/turn              (no ring)
MPRegen  0.09/turn              (no ring)

@: confused, lethally poisoned (0 -> -1), stab
A: slimy green scales 1, magic shield
a: Potion Petition, Call Merchant, Bribe Branch, Renounce Religion


You were on level 4 of the Dungeon.
You worshipped Gozag.
Gozag was aware of your devotion.
You visited 2 branches of the dungeon, and saw 6 of its levels.

You collected 600 gold pieces.
You paid 364 gold pieces to Gozag.

Inventory:

Hand Weapons
 a - a +0 short sword
 K - a +1 rapier
 Z - a cursed -3 hunting sling (weapon)
Missiles
 O - 50 arrows
Armour
 b - a +0 leather armour (worn)
 U - a +1 kite shield (worn)
Jewellery
 V - a cursed -4 ring of intelligence {unknown}
 W - an uncursed amulet of reflection {unknown}
Wands
 g - a wand of digging (3) {@v1}
 N - a wand of enslavement (10)
Scrolls
 c - 2 scrolls of fog
 M - a scroll of magic mapping
 R - a scroll of identify {@r1}
 T - a scroll of teleportation {!r, @r2}
Potions
 f - a potion of haste {@q3,}
 Y - 2 potions of berserk rage


   Skills:
 + Level 3.9 Fighting
 * Level 3.8 Short Blades
 + Level 2.9 Dodging
 + Level 5.2 Stealth
 + Level 0.8 Shields


You had 4 spell levels left.
You didn't know any spells.
Your spell library was empty.

Dungeon Overview and Level Annotations

Branches:
Dungeon (5/15)             Temple (1/1) D:5

Altars:
Ashenzari
Dithmenos
Elyvilon
Gozag
Hepliaklqana
Makhleb
Nemelex Xobeh
Okawaru
Qazlal
Ru
Trog
Vehumet
Wu Jian
Yredelemnul
Zin


Innate Abilities, Weirdness & Mutations

You are partially covered in slimy green scales. (AC +2)
When hurt, damage is shared between your health and your magic reserves.


Message History

The adder bites you but does no damage. The orc wizard completely misses you.
The adder bites you but does no damage.
You swing at nothing.
You feel less wooden.
Your +0 leather armour unmelds from your body.
You feel less confused. You block the adder's attack.
The orc wizard completely misses you. The adder misses you.
The orc wizard points at you and mumbles some strange words.
The magic dart hits you. The adder bites you.
* * * LOW HITPOINT WARNING * * *
You now have 15/42 hp.
Really attack while wielding your cursed -3 hunting sling? [Y]es or [N]o only, please.
Really attack while wielding your cursed -3 hunting sling? [Y]es or [N]o only, please.
Really attack while wielding your cursed -3 hunting sling? [Y]es or [N]o only, please.
Really attack while wielding your cursed -3 hunting sling? [Y]es or [N]o only, please.
Really attack while wielding your cursed -3 hunting sling? [Y]es or [N]o only, please.
Really attack while wielding your cursed -3 hunting sling? [Y]es or [N]o only, please.
Really attack while wielding your cursed -3 hunting sling?
The orc wizard shouts!
You clumsily bash the orc wizard but do no damage.
The orc wizard is heavily wounded.
The orc wizard gestures at you while chanting.
You resist with some effort. The adder bites you but does no damage.
The orc wizard casts a spell.
The orc wizard seems to speed up.
You block the orc wizard's attack.
You clumsily bash the orc wizard but do no damage.
The orc wizard is heavily wounded.
You block the adder's attack. The adder barely misses you.
The orc wizard completely misses you. The adder bites you.
* * * LOW HITPOINT WARNING * * *
You take 2 damage, and have 14/42 hp.
You clumsily bash the orc wizard but do no damage.
The orc wizard is heavily wounded.
The orc wizard hits you but does no damage.
You block the adder's attack.
The orc wizard casts a spell.
The orc wizard flickers and vanishes!
Deactivating autopickup; reactivate with Ctrl-A.
The orc wizard misses you. The adder closely misses you.
You clumsily bash the orc wizard but do no damage.
The orc wizard is heavily wounded.
The adder barely misses you.
The orc wizard hits you but does no damage.
The adder bites you but does no damage.
You closely miss the orc wizard.
The orc wizard is heavily wounded.
The orc wizard casts a spell at you. You resist with some effort.
You block the adder's attack.
The orc wizard hits you but does no damage.
The adder closely misses you.
You clumsily bash the orc wizard but do no damage.
The orc wizard is heavily wounded.
The adder bites you.
* * * LOW HITPOINT WARNING * * *
You are poisoned.
The adder poisons you!
The orc wizard hits you with a +0 dagger.
* * * LOW HITPOINT WARNING * * *
The adder closely misses you. The orc wizard barely misses you.
You take 4 damage, and have 11/42 hp.
You now have 3/5 mp.
You clumsily bash the orc wizard but do no damage.
The orc wizard is heavily wounded.
You feel sick. You block the adder's attack.
The orc wizard casts a spell.
The orc wizard flickers and vanishes!
The adder bites you but does no damage.
You take 1 damage, and have 10/42 hp.
You closely miss something.
You feel sick. The adder bites you but does no damage. Something hits you.
* * * LOW HITPOINT WARNING * * *
The adder barely misses you.
You hear some strange, mumbled words.
You are confused.
You take 4 damage, and have 6/42 hp.
You now have 2/5 mp.
You bump into the rock wall.
The adder closely misses you.
You hear some strange, mumbled words.
Something tries to affect you, but you resist.
The adder barely misses you.
You bump into the rock wall.
You feel sick. Something hits you but does no damage.
The adder barely misses you.
You bump into the rock wall.
The adder bites you.
* * * LOW HITPOINT WARNING * * *
Something hits you but does no damage.
You take 1 damage, and have 5/42 hp.
You closely miss the adder. The adder bites you.
* * * LOW HITPOINT WARNING * * *
Something hits you but does no damage. The adder bites you.
* * * LOW HITPOINT WARNING * * *
You take 2 damage, and have 3/42 hp.
You now have 1/5 mp.
You bump into the rock wall.
* * * LOW HITPOINT WARNING * * *
You feel sick. Something hits you.
You die...
Your body crumbles into a pile of gold. ..(.$....█ █...█. .........█ ███...█ .........█ █.██ .█.......█ .█ ██......... ..█ ████████████

... ..........█ .. $
██.██████.████████.██
.█.█ █(.o{os{@SZ(█
█/.█ █.████████..█
██.█ █.█ .█ █.██ █.█
█ ..█ █.█ ..███████.█
█.........█
██.██.███.█ █.██.█
█.█


You could see a scorpion, an adder, 2 orcs and a leopard gecko skeleton.

Vanquished Creatures
  A centaur (D:5)
  A scorpion (D:4)
  A worker ant (D:2)
  A howler monkey zombie (D:5)
  An adder (D:2)
  An adder skeleton (D:3)
  3 worms
  2 dart slugs (D:1)
  2 leopard geckos
  4 orcs
  5 ball pythons
  3 giant cockroaches (D:2)
  4 hobgoblins
  6 jackals
  2 quokkas
  8 bats
  5 frilled lizards
  9 goblins
  11 kobolds
  A quokka skeleton (D:5)
  6 rats
77 creatures vanquished.

Notes
Turn   | Place    | Note
-------+----------+-------------------------------------------
     0 | D:5      | Goblin1989 the Demonspawn Delver began the quest for the
                  | Orb.
     0 | D:5      | Reached XP level 1. HP: 18/18 MP: 1/1
    22 | D:5      | Gained mutation: When hurt, damage is shared between your
                  | health and your magic reserves. [demonic ancestry]
    22 | D:5      | Reached XP level 2. HP: 12/24 MP: 2/2
    49 | D:5      | Noticed a centaur
   220 | D:5      | Noticed a centaur
   230 | D:5      | Killed a centaur
   230 | D:5      | Gained mutation: You are partially covered in slimy green
                  | scales. (AC +2) [demonic ancestry]
   230 | D:5      | Reached XP level 3. HP: 18/29 MP: 1/3
   230 | D:5      | Reached XP level 4. HP: 21/35 MP: 1/4
   360 | D:5      | Found a staircase to the Ecumenical Temple.
   375 | Temple   | Entered the Ecumenical Temple
   623 | Temple   | Became a worshipper of Gozag Ym Sagoz the Greedy
   683 | D:4      | Reached skill level 5 in Stealth
   977 | D:3      | Reached XP level 5. HP: 42/42 MP: 3/5
  1446 | D:1      | Found a sparkling altar of Nemelex Xobeh.
  2101 | D:2      | Found a basalt altar of Yredelemnul.
  3062 | D:3      | DEFE: De?
  3410 | D:3      | Goblin1989: ага
  3410 | D:3      | DEFE: !greatrole fi
  3410 | D:3      | Goblin1989: который с д5 ствртует
  3410 | D:3      | meem: DEFE is a greatfighter!
  3410 | D:3      | DEFE: !greatrace de
  3458 | D:3      | meem: DEFE is a greatdeepelf!
  3535 | D:3      | DEFE: странно это
  3568 | D:3      | DEFE: греат раса не зависит от от новых классов
  3575 | D:4      | DEFE: !greaterplayer
  3578 | D:4      | meem: Unwon backgrounds for DEFE: Brigand, Delver, Hedge
                  | Wizard
  3578 | D:4      | DEFE: о
  3578 | D:4      | Goblin1989: еще не сделали просто наверное
  3578 | D:4      | DEFE: а греатер плеер зависит
  3591 | D:4      | DEFE: 3 новых челленджв
  4105 | D:4      | HP: 2/42 [poisoned by an adder]
  4105 | D:4      | Slain by an orc wizard

Illustrated notes

Levels and vault maps discovered:
D:1:      lemuel_arrival_room, layout_basic, corexii_leaking_fountain,
          nemelex_xobeh_ov_fountains_minmay
D:2:      minmay_chambers_of_twos, layout_rooms, nicolae_overflow_crystal_walls
D:3:      layout_basic
D:4:      kennysheep_the_goblin_king, layout_loops_ring, uniq_robin,
          uniq_sigmund
D:5:      layout_loops_cross, lemuel_round_altar,
          gammafunk_temple_overflow_statue, temple_fountains, enter_ossuary_3,
          nicolae_zen_rock_garden, nicolae_alphabet_shops
Temple:   minmay_temple_curvy_branch

Skill      XL: |  1  2  3  4 |
---------------+-------------+-----
Short Blades   | 2 3 |  3.8
Dodging        | 2 |  2.9
Stealth        | 5 |  5.2
Fighting       | |  3.9
Shields        | |  0.8

Action                   |  1- 3 |  4- 6 || total
-------------------------+-------+-------++-------
Melee: Short sword       |    17 |   158 ||   175
       Hunting sling     |       |    37 ||    37
 Fire: Hunting sling     |       |   233 ||   233
Invok: Potion Petition   |       |     2 ||     2
  Use: Scroll            |       |     8 ||     8
       Potion            |       |     4 ||     4
 Stab: Sleeping          |       |     9 ||     9
Armor: Leather armour    |     4 |   127 ||   131
       Skin              |       |    22 ||    22
Dodge: Dodged            |    11 |   150 ||   161
Block: Kite shield       |       |   129 ||   129

Table legend: (Time is in decaauts)
 A = Elapsed time spent in this place.
 B = Non-inter-level travel time spent in this place.
 C = Inter-level travel time spent in this place.
 D = Time resting spent in this place.
 E = Time spent auto-exploring this place.
 F = Levels seen in this place.
 G = Mean time per level.
                   A        B        C        D        E       F      G
               +--------+--------+--------+--------+--------+-----+--------+
         Total |   4183 |   4121 |     62 |    785 |   2251 |   6 |  697.2 |
       Dungeon |   3910 |   3895 |     15 |    785 |   2028 |   5 |  782.0 |
        Temple |    273 |    226 |     47 |      0 |    223 |   1 |  273.0 |
               +--------+--------+--------+--------+--------+-----+--------+

Top non-repeatable levels by time:
     D:2: 1064 daAuts
     D:3: 945 daAuts
     D:1: 774 daAuts
     D:4: 745 daAuts
     D:5: 380 daAuts
  Temple: 273 daAuts
